 Dungeon Crawl Stone Soup version 0.14-a0-1811-gdc2d5af (webtiles) character file.

326 Jenx the Ruffian (level 4, -10/44 HPs)
             Began as a Troll Monk on Jan 8, 2014.
             Mangled by Menkaure (24 damage)
             ... on Level 4 of the Dungeon.
             The game lasted 00:06:04 (2113 turns).

Jenx the Ruffian (Troll Monk)                       Turns: 2113, Time: 00:06:04

HP -10/44        AC  6     Str 19      XL: 4   Next: 89%
MP   2/2         EV 10     Int  8      God:
Gold 196         SH  0     Dex 13      Spells:  0 memorised,  3 levels left

rFire  . . .     SeeInvis .       - Unarmed
rCold  . . .     Clarity  .     a - +0 robe
rNeg   . . .     Conserve .     (shield restricted)
rPois  .         rCorr    .     (helmet restricted)
rElec  .         rRot     .     A - +0 cloak
SustAb . .       Spirit   .     (gloves unavailable)
rMut   .         Warding  .     (boots unavailable)
Gourm  +         Stasis   .     (no amulet)
                                (no ring)
                                n - +2 ring of intelligence

@: slightly resistant to hostile enchantments, unstealthy
A: unfitting armour, claws 3, fast metabolism 3, gourmand, regeneration 2,
saprovore 2, shaggy fur 1, tough skin 2
a: no special abilities


You were on level 4 of the Dungeon.
You were very full.

You visited 1 branch of the dungeon, and saw 4 of its levels.

You collected 196 gold pieces.

Inventory:

Missiles
 i - 17 poisoned needles
 s - 4 tomahawks (quivered)
Armour
 a - a +0 robe (worn)
 p - a +1 dwarven large shield
 y - the cursed -3 robe of Valiance {SInv}
   (You found it on level 4 of the Dungeon)

   It enhances your eyesight.
   It has a curse placed upon it.
 A - a +0 cloak (worn)
Magical devices
 u - a wand of enslavement (11)
Comestibles
 b - 2 meat rations
 l - an apple
 o - an apricot
 q - 2 bread rations
 t - a rotting chunk of rat flesh
 v - 2 chunks of jackal flesh
 x - a rotting chunk of ball python flesh
 z - a chunk of bat flesh
Scrolls
 c - a scroll of teleportation {unknown}
 d - 3 scrolls of remove curse {unknown}
 f - 2 scrolls of recharging {unknown}
 g - 3 scrolls of fog {unknown}
 h - 2 scrolls of amnesia {unknown}
 m - 4 scrolls of identify
 r - a scroll of immolation {unknown}
Jewellery
 n - a +2 ring of intelligence (left claw)
Potions
 e - a potion of curing {unknown}
 j - 2 potions of restore abilities {unknown}
 k - a potion of heal wounds {unknown}
 B - 4 potions of agility {unknown}
 C - a potion of poison {unknown}


   Skills:
 - Level 2.4 Fighting
 - Level 2.4 Dodging
 - Level 1.1 Stealth
 * Level 6.2 Unarmed Combat


You had 3 spell levels left.
You didn't know any spells.

Dungeon Overview and Level Annotations

Branches:
Dungeon (4/16)
 Temple: D:4-7

Altars:

Annotations:
D:4 Menkaure


Innate Abilities, Weirdness & Mutations

You are too large for most types of armour.
You have claws for hands.
Your metabolism is lightning-fast.
You like to eat raw meat.
You heal very quickly.
You can eat rotten meat.
You are covered in fur (AC +1).
You have very tough skin (AC +2).


Message History

Menkaure casts a spell.
Menkaure seems to speed up.
You closely miss the orc. You claw the orc.
You kill the orc!
Menkaure calls on the powers of darkness!
Your body is wracked with pain!
The goblin unwields an uncursed club.
The goblin wields a sling.
The goblin shoots a stone.
The stone hits you!
Things that are here:
a stone; an orcish dagger; an orc corpse The goblin shoots a stone.
The stone misses you.
Menkaure gestures at you while chanting.
Pain shoots through your body!
The goblin shoots a stone.
The stone hits you!
* * * LOW HITPOINT WARNING * * *
Found 18 gold pieces.
You see here a stone.
You claw Menkaure!
Menkaure is moderately damaged.
Menkaure hits you!
Ouch! That really hurt!
You die...

#8...8# ##...## $#
#.%.# .# ##...##
.. #8...8# .#
##...#####.#####
#.......(.....#
###....M...##.##
##.....#@##.......
#..............#
#.....##(.......#
#...#.##>#####8888
#..##..g.. ... ..
####.## . #.. ...
##.


You could see Menkaure and a goblin.

Vanquished Creatures
  A goliath beetle (D:3)
  Terence (D:3)
  2 adders
  A worm (D:2)
  5 orcs
  3 ball pythons
  8 hobgoblins
  3 jackals (D:4)
  8 kobolds
  7 bats
  A giant cockroach (D:3)
  A giant gecko (D:3)
  3 giant newts
  7 goblins
  7 rats
58 creatures vanquished.

Notes
Turn   | Place    | Note
--------------------------------------------------------------
     0 | D:1      | Jenx, the Troll Monk, began the quest for the Orb.
     0 | D:1      | Reached XP level 1. HP: 22/22 MP: 1/1
   160 | D:1      | Reached XP level 2. HP: 26/29 MP: 1/1
   648 | D:2      | Reached skill level 5 in Unarmed Combat
   701 | D:2      | Reached XP level 3. HP: 31/36 MP: 2/2
  1402 | D:3      | Noticed Terence
  1410 | D:3      | Killed Terence
  1561 | D:3      | Reached XP level 4. HP: 44/44 MP: 2/2
  1735 | D:3      | Reached skill level 6 in Unarmed Combat
  1907 | D:4      | Got a heavily jewelled robe
  1919 | D:3      | Identified the cursed -3 robe of Valiance {SInv} (You found it on level 4 of the Dungeon)
  2107 | D:4      | Noticed Menkaure
  2113 | D:4      | Mangled by Menkaure

Action                   |  1- 3 |  4- 6 || total
-------------------------+-------+-------++-------
Melee: Unarmed           |    92 |    41 ||   133
Evoke: Wand              |       |     1 ||     1
  Use: Scroll            |       |     2 ||     2
 Stab: Sleeping          |       |     2 ||     2
